 Dungeon Crawl Stone Soup version 0.21-a0-104-g7b58145 (webtiles) character file.

98 MackTheKnife the Skirmisher (level 4, -10/38 HPs)
             Began as a Merfolk Wanderer on July 6, 2017.
             Killed by divine providence
             ... invoked by an orc priest
              (13 damage)
             ... on level 3 of the Dungeon.
             The game lasted 00:02:55 (1841 turns).

MackTheKnife the Skirmisher (Merfolk Wanderer)      Turns: 1841, Time: 00:02:55

Health: -10/38     AC:  2    Str: 14    XL:     4   Next: 69%
Magic:  4/4        EV: 11    Int:  8    God:
Gold:   71         SH:  0    Dex: 13    Spells: 3/3 levels left

rFire    . . .     SeeInvis .   l - +0 spear
rCold    . . .     Gourm    .   (no shield)
rNeg     . . .     Faith    .   e - +0 robe
rPois    .         Spirit   .   (no helmet)
rElec    .         Reflect  .   (no cloak)
rCorr    .         Harm     .   (no gloves)
MR       .....                  (no boots)
Stlth    +.........             j - amulet of regeneration {+regen, !d}
HPRegen  0.52/turn              (no ring)
MPRegen  0.09/turn              (no ring)

@: no status effects
A: change form in water, swift swim, stealthy swim, dopey 1, sense surroundings
1, robust 1, screaming 1
a: no special abilities


You were on level 3 of the Dungeon.
You were not hungry.

You visited 1 branch of the dungeon, and saw 3 of its levels.

You collected 71 gold pieces.

Inventory:

Hand Weapons
 a - a +2 shortbow
 l - a +0 spear (weapon)
   (You found it on level 1 of the Dungeon)
Missiles
 b - 11 arrows
Armour
 d - a +0 shield
 e - a +0 robe (worn)
Jewellery
 j - an amulet of regeneration (around neck) {+regen, !d}
   (You found it on level 1 of the Dungeon)
Scrolls
 g - 2 scrolls of remove curse {unknown}
 o - 2 scrolls of identify {unknown}
 p - a scroll of amnesia {unknown}
Books
 c - the Handbook of Darkness

   Spells                             Type                      Level
   a - Corpse Rot                     Necromancy                   2
   b - Sublimation of Blood           Necromancy                   2
Comestibles
 f - a bread ration {@e1}
 i - 3 fruits
 m - a meat ration {@e2}


   Skills:
 - Level 3.5 Fighting
 + Level 3.5 Polearms
 - Level 3.2 Bows
 - Level 1.0 Armour
 - Level 2.0 Shields
   Level 1.5 Necromancy
   Level 1.0 Translocations


You had 3 spell levels left.
You didn't know any spells.

Dungeon Overview and Level Annotations

Branches:
Dungeon (3/15)

Altars:
Nemelex Xobeh
Ru

Annotations:
D:2 Sigmund


Innate Abilities, Weirdness & Mutations

You revert to your normal form in water.
You are very nimble and swift while swimming.
You are very stealthy in the water. (Stealth+)
You are dopey. (Int -2)
You passively map a small area around you.
You are robust. (+10% HP)
You occasionally shout uncontrollably at your foes.


Message History

A rat and Sigmund come into view.
Sigmund is wielding a scythe of protection.
Sigmund shouts!
It was a potion of curing.
You feel better. The rat bites you.
You take 1 damage, and have 34/35 hp.
Wield which item (- for none, * to show all)? (? for menu, Esc to quit)
Okay, then.
It was a potion of mutation.
You feel extremely strange.
You feel stupid.
You feel a strange attunement to the structure of the dungeons.
You feel the urge to shout.
You feel robust. The rat bites you. Sigmund barely misses you.
You take 1 damage, and have 33/38 hp.
It was a potion of agility.
You feel agile all of a sudden. The rat bites you but does no damage.
It was a potion of magic.
Magic courses through your body.
Sigmund hits you from afar with a scythe of protection!
The rat bites you.
You take 9 damage, and have 25/38 hp.
MASSIVE DAMAGE!!
Sigmund casts a spell.
Sigmund flickers and vanishes!
Deactivating autopickup; reactivate with Ctrl-A.
There is a stone staircase leading up here.
The rat closely misses you.
You climb upwards.
There is a stone staircase leading down here.
Aim: a rat You shoot an arrow.
The arrow hits the rat.
You kill the rat!
No target in view!
Things that are here:
an arrow; a rat corpse
b - 11 arrows (gained 1) Autopickup is now on.
There is a stone staircase leading down here.
Eating a chunk of flesh {@w0}.
You eat the chunk of flesh {@w0}.
There is a stone staircase leading down here.
Health restored: 38 You climb downwards.
Level annotation: Sigmund
There is a stone staircase leading up here.
There is a stone staircase leading down here.
You climb downwards.
You feel a little less agile now.
There is a stone staircase leading up here.
Wield which item (- for none, * to show all)? (? for menu, Esc to quit)
Okay, then.
You now have 63 gold pieces (gained 12).
You now have 71 gold pieces (gained 8).
You shout at the orc!
An orc and an orc priest come into view.
The orc priest shouts!
You hear a shout!
There are monsters nearby!
Wield which item (- for none, * to show all)? (? for menu, Esc to quit)
l - a +0 spear (weapon)
You barely miss the orc priest. The orc priest misses you.
An orc comes into view. It is wielding a trident.
You barely miss the orc priest. The orc priest hits you.
You take 5 damage, and have 33/38 hp.
You hit the orc priest.
The orc priest hits you but does no damage.
You hit the orc priest but do no damage.
You hit the orc priest but do no damage.
The orc priest hits you. The orc barely misses you.
You take 4 damage, and have 30/38 hp.
Unknown command.
The orc priest mumbles some strange prayers to Beogh against you.
Beogh smites you!
You take 8 damage, and have 22/38 hp.
MASSIVE DAMAGE!!
Attack whom?
Aim: an orc priest (heavily wounded)
The orc is in the way.
You barely miss the orc.
Attack whom?
Aim: an orc priest (heavily wounded)
You barely miss the orc priest. The orc closely misses you.
Attack whom?
Aim: an orc priest (heavily wounded)
You closely miss the orc priest. The orc priest barely misses you.
The orc misses you.
The orc priest calls down the wrath of Beogh upon you.
Pain shoots through your body!
You take 9 damage, and have 15/38 hp.
MASSIVE DAMAGE!!
You aren't carrying any potions.
Unknown command.
Okay, then.
The orc priest casts a cantrip, but nothing happens.
The orc priest calls down the wrath of Beogh upon you.
Beogh smites you!
* * * LOW HITPOINT WARNING * * *
The orc hits you with a dagger.
* * * LOW HITPOINT WARNING * * *
You take 15 damage, and have 1/38 hp.
MASSIVE DAMAGE!!
The orc priest mumbles some strange prayers to Beogh against you.
Beogh smites you!
You die...

* ,
#..o.o....#
* #o##### #
*,* #.o..)#
,.# #.###.#
* .. #.o...#
, ###.# * *
#.#.#.# *
....#
#.#o#.# *
....# *
#.#.#.#.#,
....#
#.#.#@..# *
, ###.#
,#.#.....# *
,# #.#.#..##
* * #
#.......#
#.#....####,
#.'....+ ,,
, *
###..<.#* *
* #....# *
#....#


You could see an orc priest and an orc.

Vanquished Creatures
  3 gnolls (D:2)
  2 adders (D:2)
  An ooze (D:1)
  A worm (D:2)
  A dart slug (D:1)
  A leopard gecko (D:3)
  A ball python (D:2)
  3 goblins
  6 hobgoblins
  4 jackals (D:1)
  4 kobolds
  2 quokkas
  4 bats
  2 frilled lizards
  6 rats
41 creatures vanquished.

Notes
Turn   | Place    | Note
-------+----------+-------------------------------------------
     0 | D:1      | MackTheKnife the Merfolk Wanderer began the quest for the Orb.
     0 | D:1      | MackTheKnife set off with: a +2 shortbow, 24 arrows, the Handbook of Darkness, a +0 shield, a +0 robe, a bread ration {@e1}
     0 | D:1      | Reached XP level 1. HP: 13/13 MP: 1/1
   113 | D:1      | Reached skill level 1 in Fighting
   139 | D:1      | Reached skill level 2 in Fighting
   139 | D:1      | Reached XP level 2. HP: 17/22 MP: 2/2
   365 | D:1      | Reached XP level 3. HP: 28/28 MP: 3/3
   962 | D:2      | Reached skill level 3 in Fighting
   962 | D:2      | Reached skill level 1 in Polearms
  1220 | D:2      | Reached skill level 2 in Polearms
  1232 | D:2      | Found a sacrificial altar of Ru.
  1248 | D:2      | Reached XP level 4. HP: 18/35 MP: 4/4
  1255 | D:2      | HP: 8/35 [gnoll/club (5)]
  1421 | D:2      | Reached skill level 3 in Polearms
  1534 | D:2      | Found a sparkling altar of Nemelex Xobeh.
  1549 | D:2      | You fall through a shaft!
  1745 | D:2      | Noticed Sigmund
  1747 | D:2      | Gained mutation: You are dopey. (Int -2) [potion of mutation]
  1747 | D:2      | Gained mutation: You passively map a small area around you. [potion of mutation]
  1747 | D:2      | Gained mutation: You occasionally shout uncontrollably at your foes. [potion of mutation]
  1747 | D:2      | Gained mutation: You are robust. (+10% HP) [potion of mutation]
  1838 | D:3      | HP: 5/38 [orc priest/divine providence (12)]
  1838 | D:3      | HP: 1/38 [orc/dagger (4)]
  1841 | D:3      | Killed from afar by an orc priest

Vault maps used:
D:1:      lightli_arrival_farm
D:2:      lemuel_crystal_altar, nemelex_altar_shiori, uniq_sigmund
D:3:      uniq_jessica

Skill      XL: |  1  2  3  4 |
---------------+-------------+-----
Fighting       | 2 3 |  3.5
Polearms       | 2 3 |  3.5
Bows           | |  3.2
Armour         | |  1.0
Shields        | |  2.0
Necromancy     | |  1.5
Translocations | |  1.0

Action                   |  1- 3 |  4- 6 || total
-------------------------+-------+-------++-------
Melee: Spear             |       |    24 ||    24
 Fire: Shortbow          |    82 |    25 ||   107
  Use: Potion            |       |     4 ||     4
  Eat: Chunk             |       |     3 ||     3
Armor: Robe              |     5 |     5 ||    10
Dodge: Dodged            |    21 |    17 ||    38

Vault maps used:
D:1:      lightli_arrival_farm
D:2:      lemuel_crystal_altar, nemelex_altar_shiori, uniq_sigmund
D:3:      uniq_jessica

Table legend:
 A = Turns spent in this place as a percentage of turns spent in the entire game.
 B = Non-inter-level travel turns spent in this place as a percentage of non-inter-level travel turns spent in the entire game.
 C = Inter-level travel turns spent in this place as a percentage of turns spent in this place.
 D = Turns resting spent in this place as a percentage of non-inter-level travel turns spent in this place.
 E = Turns spent auto-exploring this place as a percentage of non-inter-level travel turns spent in this place.
 F = Non-inter-level travel turns spent in this place divided by the number of levels of this place that you've seen.
                   A       B       C       D       E      F
               +-------+-------+-------+-------+-------+----------------------
         Total | 100.0 | 100.0 |   1.0 |   0.4 |  12.5 | 157.3
       Dungeon | 100.0 | 100.0 |   1.0 |   0.4 |  12.5 | 157.3
               +-------+-------+-------+-------+-------+----------------------

Table legend:
 A = Kills in this place as a percentage of kills in entire the game.
 B = Kills by you in this place as a percentage of kills by you in the entire game.
 C = Kills by friends in this place as a percentage of kills by friends in the entire game.
 D = Other kills in this place as a percentage of other kills in the entire game.
 E = Experience gained in this place as a percentage of experience gained in the entire game.
 F = Experience gained in this place divided by the number of levels of this place that you have seen.
                   A       B       C       D       E      F
               +-------+-------+-------+-------+-------+----------------------
         Total | 100.0 | 100.0 |  -nan |  -nan | 100.0 |  46.7
       Dungeon | 100.0 | 100.0 |  -nan |  -nan | 100.0 |  46.7
               +-------+-------+-------+-------+-------+----------------------
